 Dungeon Crawl Stone Soup version 0.24-a0-619-gb7544fd (webtiles) character file.

Game seed: 8458736440571778186, levelgen mode: deterministic

367 BoppinsLewinski the Poker (level 6, -6/51 HPs)
             Began as a Centaur Fighter on Sept 16, 2019.
             Was an Initiate of Okawaru.
             Mangled by an ogre
             ... wielding a +0 giant spiked club
              (27 damage)
             ... on level 4 of the Dungeon.
             The game lasted 00:09:10 (3540 turns).

BoppinsLewinski the Poker (Centaur Fighter)         Turns: 3540, Time: 00:09:11

Health: -6/51      AC:  6    Str: 24    XL:     6   Next: 41%
Magic:  6/6        EV:  5    Int:  7    God:    Okawaru [......]
Gold:   123        SH:  9    Dex: 10    Spells: 5/5 levels left

rFire    . . .     SeeInvis .   a - +0 trident
rCold    . . .     Gourm    .   c - +0 shield
rNeg     . . .     Faith    .   b - +0 scale mail
rPois    .         Spirit   .   (no helmet)
rElec    .         Reflect  .   (no cloak)
rCorr    .         Harm     .   (no gloves)
MR       .....                  (no barding)
Stlth    ..........             (no amulet)
HPRegen  0.17/turn              (no ring)
MPRegen  0.10/turn              (no ring)

@: mighty, very quick
A: large, hooves 3, deformed body, speed 2, tough skin 3
a: Renounce Religion


You were on level 4 of the Dungeon.
You worshipped Okawaru.
Okawaru was noncommittal.
You were hungry.

You visited 1 branch of the dungeon, and saw 4 of its levels.

You collected 123 gold pieces.

Inventory:

Hand Weapons
 a - a +0 trident (weapon)
Armour
 b - a +0 scale mail (worn)
 c - a +0 shield (worn)
Scrolls
 e - a scroll of magic mapping {unknown}
 g - 2 scrolls of enchant weapon {unknown}
 h - 2 scrolls of teleportation {unknown}
 i - 3 scrolls of remove curse
 j - a scroll of identify {unknown}
 k - 2 scrolls of fog {unknown}
 l - a scroll of amnesia {unknown}
 m - a scroll of random uselessness {unknown}
 o - a scroll of fear {unknown}
Potions
 d - a potion of might
 n - a potion of invisibility {unknown}
 p - a potion of flight {unknown}
 q - a potion of agility {unknown}
Comestibles
 f - 6 rations


   Skills:
 - Level 3.0 Fighting
 * Level 6.3 Polearms
 - Level 2.1 Armour
 - Level 2.1 Shields


You had 5 spell levels left.
You didn't know any spells.
Your spell library was empty.

Dungeon Overview and Level Annotations

Branches:
Dungeon (4/15)             Temple (0/1) D:4

Altars:
Elyvilon
Fedhas
Kikubaaqudgha
Okawaru
Sif Muna
Xom
Yredelemnul


Innate Abilities, Weirdness & Mutations

You have hooves in place of feet.
Armour fits poorly on your strangely shaped body.
You cover ground very quickly.
You have extremely tough skin. (AC +3)


Message History

Aim: an ogre, wieldin' a +0 giant spiked club (moderately wounded) Ye reach ta attack!
Yer shield an' scale mail prevent ye from hittin' tha ogre.
Tha ogre be moderately wounded.
Attack whom?
Press: ? - help, Dir - move target cursor, f/p - ogre
Aim: an ogre, wieldin' a +0 giant spiked club (moderately wounded) Ye reach ta attack!
Ye hit tha ogre.
Tha ogre be moderately wounded.
Tha ogre hits ye wit' a +0 giant spiked club!!
Ye feel very mighty all o' a sudd'n.
Ye hit tha ogre.
Yer kick misses tha ogre.
Tha ogre be moderately wounded.
Tha ogre barely misses ye.
Unknown command.
Ye puncture tha ogre!
Tha ogre be severely wounded.
Tha ogre hits ye wit' a +0 giant spiked club!!
Ouch! Tha re'lly hurt!
Ye die...

.. #..####..... ..
#......# #. #..#..##
#.. ##.###.# #.. #.##
.# #.###.# . #.....#
.# ##..O..# ##..
#.##@##.##.. ##
#....###..#
#....##...#
#####......# .# # ####
#..........#####.####.
#..#
##......##.......#....
###.#
###...###............
#..##
#...####.#####....#
###.#
#.#...._.#####....#


You could see an ogre.

Vanquished Creatures
  An ogre (D:3)
  A howler monkey (D:4)
  A hound (D:4)
  2 orc priests
  Natasha (D:2)
  2 worker ants (D:4)
  3 adders
  2 worms (D:2)
  2 leopard geckos
  2 orcs (D:2)
  5 giant cockroaches
  4 goblins
  4 hobgoblins
  3 jackals (D:2)
  2 quokkas
  6 bats
  3 frilled lizards
  5 kobolds
  A quokka skeleton (D:4)
  5 rats
55 creatures vanquished.

Notes
Turn   | Place    | Note
-------+----------+-------------------------------------------
     0 | D:1      | BoppinsLewinski the Centaur Fighter began the quest for the
                  | Orb.
     0 | D:1      | Reached XP level 1. HP: 19/19 MP: 1/1
    45 | D:1      | Reached skill level 2 in Polearms
   402 | D:1      | Reached XP level 2. HP: 21/26 MP: 2/2
   788 | D:2      | Reached skill level 3 in Polearms
   955 | D:2      | Reached XP level 3. HP: 27/31 MP: 3/3
  1336 | D:2      | Found a white marble altar of Elyvilon.
  1409 | D:2      | Found a basalt altar of Yredelemnul.
  1650 | D:2      | Noticed Natasha
  1658 | D:2      | Killed Natasha
  1658 | D:2      | Reached skill level 4 in Polearms
  1658 | D:2      | Reached XP level 4. HP: 27/38 MP: 4/4
  2027 | D:2      | HP: 1/38 [orc priest/+0 hand axe (7)]
  2415 | D:3      | Reached XP level 5. HP: 32/45 MP: 5/5
  2638 | D:3      | Found a blossoming altar of Fedhas.
  2807 | D:3      | Reached skill level 5 in Polearms
  2964 | D:3      | Found an ancient bone altar of Kikubaaqudgha.
  2967 | D:3      | Found a shimmering blue altar of Sif Muna.
  2970 | D:3      | Found an iron altar of Okawaru.
  3004 | D:3      | Became a worshipper of Warmaster Okawaru
  3026 | D:4      | Noticed an ogre
  3047 | D:3      | Killed an ogre
  3065 | D:4      | Reached XP level 6. HP: 48/51 MP: 6/6
  3228 | D:4      | Reached skill level 6 in Polearms
  3417 | D:4      | Found a staircase to the Ecumenical Temple.
  3495 | D:4      | Found a shimmering altar of Xom.
  3540 | D:4      | Mangled by an ogre

Levels and vault maps discovered:
D:1:      psy_arrival_whirlpool, layout_loops_cross
D:2:      layout_basic, kennysheep_ying_yang, serial_forest,
          infiniplex_forest_straight_2, infiniplex_forest_corner_1,
          infiniplex_forest_clump_diagonal, infiniplex_forest_lined_4_way,
          infiniplex_forest_lined_2, infiniplex_forest_straight_3,
          infiniplex_forest_lined_room_3, infiniplex_forest_clump_tiny,
          uniq_natasha
D:3:      layout_loops_ring, grunt_temple_overflow_diamond, first_ration,
          hangedman_decor_push, fedhas_altar_1
D:4:      layout_layer_cave, overflow_temple_1_default,
          minmay_temple_entry_drinking_statues

Skill      XL: |  1  2  3  4  5  6 |
---------------+-------------------+-----
Polearms       | 2 3 4 5 6 |  6.3
Fighting       | |  3.0
Armour         | |  2.1
Shields        | |  2.1

Action                   |  1- 3 |  4- 6 || total
-------------------------+-------+-------++-------
Melee: Trident           |   114 |   125 ||   239
       Kick              |    15 |    21 ||    36
  Use: Potion            |       |     4 ||     4
       Scroll            |       |     1 ||     1
  Eat: Chunk             |     1 |     5 ||     6
Armor: Scale mail        |    44 |    32 ||    76
Dodge: Dodged            |    21 |    12 ||    33
Block: Shield            |    24 |    31 ||    55

Table legend:
 A = Non-vault XP
 B = Vault XP
 C = Vault XP percentage of total XP
 D = Non-vault monster count
 E = Vault monster count
 F = Vault count percentage of total count
                 A         B        C        D         E       F
            +---------+---------+-------+---------+---------+-------
      Total |     490 |      35 |   6.7 |      54 |       1 |   1.8
            +---------+---------+-------+---------+---------+-------
        D:1 |      21 |       0 |   0.0 |      14 |       0 |   0.0
        D:2 |     115 |      35 |  23.3 |      24 |       1 |   4.0
        D:3 |     180 |       0 |   0.0 |       7 |       0 |   0.0
        D:4 |     174 |       0 |   0.0 |       9 |       0 |   0.0
            +---------+---------+-------+---------+---------+-------
